 Dungeon Crawl Stone Soup version 0.30.0-18-gc0e69614cb (webtiles) character file.

Game seed: 12382112353043294526

126 monsoonserge the Grave Robber (level 4, -4/31 HPs)
             Began as a Mummy Necromancer on May 24, 2023.
             Slain by an ogre
             ... wielding a +0 giant club
              (10 damage)
             ... on level 4 of the Dungeon.
             The game lasted 00:10:24 (2631 turns).

monsoonserge the Grave Robber (Mummy Necromancer)   Turns: 2631, Time: 00:10:26

Health: -4/31      AC:  2    Str: 15    XL:     4   Next: 84%
Magic:  10/17      EV: 10    Int: 19    God:
Gold:   86         SH:  7    Dex: 12    Spells: 5/9 levels left

rFire   . . .        o - +0 hand axe
rCold   + . .        s - +0 kite shield
rNeg    + + +        a - +0 robe
rPois   ∞            (no helmet)
rElec   .            (no cloak)
rCorr   .            (no gloves)
SInv    .            (no boots)
Will    .....        (no amulet)
Stlth   ++           m - ring of fire
HPRegen 0.25/turn    v - ring of Waifih {rC+ rN+ MP+9 Str+4 Int+3}
MPRegen 0.15/turn

%: faith
@: very slightly contaminated
A: cold resistance 1, negative energy resistance 3, torment resistance 2, heat
vulnerability 1, in touch with death 1, no potions, faith
a: no special abilities


You were on level 4 of the Dungeon.
You visited 1 branch of the dungeon, and saw 4 of its levels.

You collected 86 gold pieces.

Inventory:

Hand Weapons
 e - a +0 club
 f - a +0 dagger
 i - a +0 short sword
 k - a +0 whip
 o - a +0 hand axe (weapon)
 w - a +0 mace
 y - a +0 spear
Missiles
 l - 7 stones
 q - 9 poisoned darts
Armour
 a - a +0 robe (worn)
 c - a +0 ring mail
 h - a +0 scale mail
 s - a +0 kite shield (worn)
 x - a +0 chain mail
Jewellery
 m - a ring of fire (left hand)
 r - a ring of flight
 v - the ring of Waifih (right hand) {rC+ rN+ MP+9 Str+4 Int+3}
   (You found it on level 3 of the Dungeon)

   [ring of positive energy]

   Str:       It affects your strength (+4).
   Int:       It affects your intelligence (+3).
   rC:        It protects you from cold.
   rN:        It protects you from negative energy.
   MP:        It affects your magic capacity (+9).
Scrolls
 b - 5 scrolls of fear {unknown}
 d - a scroll of amnesia {unknown}
 g - a scroll of enchant armour {unknown}
 j - a scroll of silence {unknown}
 n - 3 scrolls of identify {unknown}
 p - a scroll of immolation {unknown}
 t - 2 scrolls of teleportation {unknown}
 u - a scroll of vulnerability {unknown}


   Skills:
 + Level 0.8 Fighting
 + Level 0.2 Short Blades
 + Level 0.5 Axes
 + Level 2.1 Dodging
 - Level 2.0 Stealth
 * Level 0.9 Shields
 - Level 3.0 Spellcasting
 + Level 5.1 Necromancy


You had 5 spell levels left.
You knew the following spells:

 Your Spells              Type           Power      Damage    Failure   Level
a - Necrotise             Necr           100%       1d9       6%          1
b - Vampiric Draining     Necr           33%        2d8       19%         3

Your spell library contained the following spells:

 Spells                   Type           Power      Damage    Failure   Level
 Animate Dead             Necr           33%        N/A       52%         4
 Agony                    Necr           33%        N/A       86%         5


Dungeon Overview and Level Annotations

Branches:
Dungeon (4/15)
 Temple: D:4-7

Altars:
Ru

Annotations:
D:3 Grinder
D:4 Blork the orc


Innate Abilities, Weirdness & Mutations

You are immune to poison.
Your flesh is cold resistant. (rC+)
You are immune to negative energy. (rN+++)
You are immune to unholy pain and torment.
You are vulnerable to heat. (rF-)
You are in touch with the powers of death.
You do not drink.
You have a special connection with the divine. (Faith)


Message History

Casting: Vampiric Draining (quite dangerous; 19% risk of failure)
Confirm with . or Enter, or press ? or * to list all spells.
You can't see any susceptible monsters within range! (Use Z to cast anyway.)
You swap places.
The ogre hits you with a +0 giant club!
Ouch! That really hurt!
* * * LOW HITPOINT WARNING * * *
You swap places.
Your hobgoblin skeleton hits the ogre.
The ogre hits your hobgoblin skeleton with a +0 giant club.
Your hobgoblin skeleton hits the ogre.
There is an open door here.
The ogre barely misses your hobgoblin skeleton.
Your hobgoblin skeleton crumbles into dust!
Casting: Vampiric Draining (quite dangerous; 19% risk of failure)
Confirm with . or Enter, or press ? or * to list all spells.
Aiming: Necrotise (safe; 6% risk of failure)
Press: ? - help, Shift-Dir - straight line, f - ogre
Aim: an ogre, wielding a +0 giant club (moderately wounded, chance to affect: 83%)
You feel a surge of power!
The ogre barely resists.
Casting: Necrotise (safe; 6% risk of failure)
Confirm with . or Enter, or press ? or * to list all spells.
Aiming: Necrotise (safe; 6% risk of failure)
Press: ? - help, Shift-Dir - straight line, f/p - ogre
Aim: an ogre, wielding a +0 giant club (moderately wounded, chance to affect: 83%)
You feel a surge of power!
The ogre barely resists.
Casting: Necrotise (safe; 6% risk of failure)
Confirm with . or Enter, or press ? or * to list all spells.
Aiming: Necrotise (safe; 6% risk of failure)
Press: ? - help, Shift-Dir - straight line, f/p - ogre
Aim: an ogre, wielding a +0 giant club (moderately wounded, chance to affect: 83%)
You feel a surge of power!
The ogre writhes in agony.
Casting: Necrotise (safe; 6% risk of failure)
Confirm with . or Enter, or press ? or * to list all spells.
The spell is quite dangerous to miscast (19% risk of failure)!
Continue anyway?
Aiming: Vampiric Draining (quite dangerous; 19% risk of failure)
Press: ? - help, Shift-Dir - straight line, f/p - ogre
Aim: an ogre, wielding a +0 giant club (moderately wounded)
You feel a surge of power!
You miscast Vampiric Draining.
You are very lightly contaminated with residual magic.
Nothing appears to happen.
The ogre hits you with a +0 giant club!
You die...

.# .<....##.# ..
#.......# .# #O# ..
#.# .## #.# ..#
##'## .######
##..l## ..†...#
##....O## #.#...#
##......@##
..g...###.).......#
≈§≈≈....'.........+
...≈§§###.........#
≈≈.≈..# ##.......##
.≈.≈..# ##.....##
.≈.≈..# ##...##
.≈.≈^.# ##+##
≈≈.≈.##


You could see an ogre and an iguana.

Vanquished Creatures
  A hound (D:3)
  4 adders
  2 worms
  2 dart slugs
  An orc (D:3)
  5 giant cockroaches
  3 goblins
  3 hobgoblins
  A jackal (D:1)
  A kobold (D:1)
  7 quokkas
  5 ball pythons
  3 frilled lizards
  9 rats
47 creatures vanquished.

Vanquished Creatures (collateral kills)
  A ball python (D:4)
  A jackal (D:1)
  A bat (D:3)
3 creatures vanquished.

Grand Total: 50 creatures vanquished

Notes
Turn   | Place    | Note
-------+----------+-------------------------------------------
     0 | D:1      | monsoonserge the Mummy Necromancer began the quest for the
                  | Orb.
     0 | D:1      | Reached XP level 1. HP: 13/13 MP: 4/4
   164 | D:1      | Reached XP level 2. HP: 19/19 MP: 1/5
  1151 | D:2      | Gained mutation: You are in touch with the powers of death.
                  | [Mummy growth]
  1151 | D:2      | Reached XP level 3. HP: 15/25 MP: 1/7
  1418 | D:2      | Learned a level 3 spell: Vampiric Draining
  2033 | D:3      | Identified the ring of Waifih {rC+ rN+ MP+9 Str+4 Int+3}
  2217 | D:3      | Reached XP level 4. HP: 28/31 MP: 8/8
  2228 | D:3      | Reached skill level 5 in Necromancy
  2453 | D:3      | Noticed Grinder
  2507 | D:4      | Noticed Blork the orc
  2583 | D:4      | Found a sacrificial altar of Ru.
  2614 | D:4      | Noticed an ogre
  2631 | D:4      | Slain by an ogre

Illustrated notes

Levels and vault maps discovered:
D:1:      dpeg_arrival_short_road, layout_basic
D:2:      layout_loops_corners, basic_altar
D:3:      layout_basic, uniq_grinder
D:4:      layout_loops_corners, grunt_temple_overflow_order_and_chaos_1,
          mainiacjoe_overflow_concentric_impassable,
          nicolae_qazlal_general_emergency, mainiacjoe_overflow_tiny_flanked,
          serial_bayou_pond_a, minivault_23, dreamdust_princess_corridor,
          minmay_small_thing, uniq_blork_the_orc

Skill      XL: |  1  2  3  4 |
---------------+-------------+-----
Spellcasting   | 3 |  3.0
Dodging        | 2 |  2.1
Necromancy     | 5 |  5.1
Stealth        | 2 |  2.0
Fighting       | |  0.8
Short Blades   | |  0.2
Axes           | |  0.5
Shields        | |  0.9

Action                     |  1- 3 |  4- 6 || total
---------------------------+-------+-------++-------
  Melee: Unarmed           |     6 |       ||     6
         Short sword       |    14 |       ||    14
         Club              |     3 |       ||     3
         Dagger            |     2 |       ||     2
         Hand axe          |    20 |    22 ||    42
   Cast: Necrotise         |    50 |    21 ||    71
         Vampiric Draining |       |     1 ||     1
   Stab: Sleeping          |     1 |     3 ||     4
 Armour: Robe              |     8 |     6 ||    14
  Dodge: Dodged            |    42 |    25 ||    67
  Block: Kite shield       |     6 |    13 ||    19
